 Dungeon Crawl Stone Soup version 0.23.1 (webtiles) character file.

Game seed: 6639362384041182664

269 PentaManta the Skirmisher (level 6, -2/52 HPs)
             Began as a Formicid Abyssal Knight on Mar 13, 2019.
             Was a Believer of Lugonu.
             Slain by a worker ant (5 damage)
             ... on level 4 of the Dungeon.
             The game lasted 00:10:13 (5366 turns).

PentaManta the Skirmisher (Formicid Abyssal Knight) Turns: 5366, Time: 00:10:13

Health: -2/52      AC:  3    Str: 18    XL:     6   Next: 46%
Magic:  5/7        EV: 11    Int: 12    God:    Lugonu [**....]
Gold:   192        SH:  0    Dex: 10    Spells: 5/5 levels left

rFire    + . .     SeeInvis +   a - +1 hand axe
rCold    + . .     Gourm    .   (no shield)
rNeg     . . .     Faith    .   b - +0 leather armour
rPois    .         Spirit   .   (helmet unavailable)
rElec    .         Reflect  .   v - scarf {rC+ rF+}
rCorr    .         Harm     .   (no gloves)
MR       +....                  (no boots)
Stlth    +.........             (no amulet)
HPRegen  0.17/turn              h - ring of protection from magic
MPRegen  0.10/turn              (no ring)

@: lethally poisoned (-2 -> -19), drained
A: permanent stasis, dig shafts and tunnels, four strong arms, antennae 3
a: Dig, Shaft Self, Depart the Abyss, Bend Space, Renounce Religion


You were on level 4 of the Dungeon.
You worshipped Lugonu.
Lugonu was pleased with you.
You were very hungry.

You visited 1 branch of the dungeon, and saw 4 of its levels.
You visited the Abyss 1 time.

You collected 192 gold pieces.

Inventory:

Hand Weapons
 a - a +1 hand axe (weapon)
Missiles
 w - 2 exploding tomahawks (quivered)
Armour
 b - a +0 leather armour (worn)
 v - a scarf of resistance (worn)
 A - a +0 plate armour
Jewellery
 h - a ring of protection from magic (left hand)
 n - an uncursed amulet of harm
Wands
 o - a wand of flame (17)
Scrolls
 d - 5 scrolls of identify
 e - 2 scrolls of blinking
 g - 2 scrolls of remove curse {unknown}
 k - a scroll of fog {unknown}
 l - 2 scrolls of random uselessness {unknown}
 m - 2 scrolls of magic mapping {unknown}
 q - 2 scrolls of immolation {unknown}
 s - 4 scrolls of enchant armour {unknown}
 u - 2 scrolls of amnesia {unknown}
 y - a scroll of fear {unknown}
Potions
 f - 2 potions of lignification
 i - a potion of magic {unknown}
 j - 3 potions of haste
 p - a potion of cancellation {unknown}
 r - a potion of invisibility {unknown}
 t - a potion of heal wounds {unknown}
 x - a potion of flight {unknown}
 z - a potion of mutation {unknown}
 B - a potion of brilliance {unknown}
Comestibles
 c - 5 rations


   Skills:
 + Level 5.7(4.8) Fighting
 + Level 4.6(3.7) Axes
 - Level 2.1(1.3) Armour
 - Level 0.8(0.0) Dodging
 - Level 2.1(1.3) Invocations


You had 5 spell levels left.
You didn't know any spells.
Your spell library contained the following spells:

 Spells                   Type           Power        Failure   Level  Hunger
 Summon Small Mammal      Summ           #...         36%         1    ##.....
 Call Imp                 Summ           #.......     52%         2    ###....
 Call Canine Familiar     Summ           #.......     75%         3    ####...
 Summon Guardian Golem    Hex/Summ       #.......     75%         3    ####...
 Summon Ice Beast         Ice/Summ       #.......     98%         4    #####..
 Summon Lightning Spire   Summ/Air       #.......     98%         4    #####..


Dungeon Overview and Level Annotations

Branches:
Dungeon (4/15)             Temple (0/1) D:4

Altars:
Kikubaaqudgha
Trog
Wu Jian

Shops:
D:4 =


Innate Abilities, Weirdness & Mutations

You cannot be hasted, slowed, berserked, paralysed or teleported.
You can dig through walls and to a lower floor.
Your four strong arms can wield two-handed weapons with a shield.
You have a pair of large antennae on your head. (SInv)


Message History

You feel sick. The worker ant bites you. x2
You closely miss the worker ant.
The worker ant is heavily wounded.
You feel very sick. The worker ant bites you.
* * * LOW HITPOINT WARNING * * *
You hit the worker ant.
The worker ant is severely wounded.
* * * LOW HITPOINT WARNING * * *
You feel sick. The worker ant bites you.
* * * LOW HITPOINT WARNING * * *
Space bends around you!
You blink.
A worker ant comes into view.
* * * LOW HITPOINT WARNING * * *
You feel sick.
The worker ant twitches its antennae in your direction.
Space bends around you!
You blink.
* * * LOW HITPOINT WARNING * * *
You feel sick. The worker ant bites you.
You die...

..## ...###
.....#########
........##...##
........##.♣§a♣♣
##.....###.♣.♣§♣
##.........♣..♣P##
.#..######.♣P..a.#
....# #.♣♣.P♣@#
....# ##.####.#
..)## .# ..# .###
.. ..## ### #.###
..# .# ..#{ ..#
..#{


You could see a worker ant.

Vanquished Creatures
  A scorpion (D:4)
  Natasha (thrice) (D:2)
  A worker ant (D:4)
  A hound skeleton (D:4)
  4 adders
  4 worms
  2 dart slugs
  2 leopard geckos
  2 orcs (D:3)
  6 bats
  2 giant cockroaches
  8 hobgoblins
  4 jackals
  2 quokkas
  2 ball pythons (D:1)
  3 frilled lizards (D:3)
  2 goblins
  9 kobolds
  9 rats
67 creatures vanquished.

Notes
Turn   | Place    | Note
-------+----------+-------------------------------------------
     0 | Abyss:1  | PentaManta the Formicid Abyssal Knight began the quest for
                  | the Orb.
     0 | Abyss:1  | Reached XP level 1. HP: 18/18 MP: 2/2
    23 | Abyss:1  | Found an iron altar of Okawaru.
    44 | Abyss:1  | Found a corrupted altar of Lugonu.
    77 | Abyss:1  | Noticed a ynoxinul
   125 | Abyss:1  | Noticed a ynoxinul
   131 | Abyss:1  | Noticed a neqoxec
   135 | Abyss:1  | Noticed a quasit
   150 | Abyss:1  | Noticed an iron imp
   151 | Abyss:1  | Noticed an ancient zyme
   152 | D:1      | Escaped the Abyss
   410 | D:1      | Reached XP level 2. HP: 23/24 MP: 3/3
   803 | D:1      | Reached * piety under Lugonu
   825 | D:1      | Reached XP level 3. HP: 16/30 MP: 4/4
  1433 | D:2      | Reached skill level 4 in Fighting
  1622 | D:2      | Found an ornate altar of the Wu Jian Council.
  1813 | D:2      | Reached XP level 4. HP: 37/37 MP: 5/5
  2036 | D:2      | Found an ancient bone altar of Kikubaaqudgha.
  2310 | D:2      | Noticed Natasha
  2320 | D:2      | Killed Natasha
  2491 | D:2      | Noticed Natasha
  2509 | D:2      | Killed Natasha
  2509 | D:2      | Reached XP level 5. HP: 38/43 MP: 6/6
  2579 | D:2      | Noticed Natasha
  2587 | D:2      | Killed Natasha
  3296 | D:3      | Reached skill level 5 in Fighting
  3541 | D:3      | Found a bloodstained altar of Trog.
  4204 | D:3      | Reached ** piety under Lugonu
  4446 | D:4      | Reached XP level 6. HP: 19/51 MP: 7/7
  5184 | D:4      | Found Sityoh's Jewellery Boutique.
  5321 | D:4      | Found a staircase to the Ecumenical Temple.
  5366 | D:4      | Slain by a worker ant

Skill      XL: |  1  2  3  4  5 |
---------------+----------------+-----
Fighting       | 4 5 |  5.7
Axes           | 3 4 |  4.6
Armour         | |  2.1
Dodging        | |  0.8
Invocations    | |  2.1

Action                   |  1- 3 |  4- 6 || total
-------------------------+-------+-------++-------
Melee: Hand axe          |   119 |   165 ||   284
Invok: Depart the Abyss  |     1 |       ||     1
       Bend Space        |       |     2 ||     2
  Use: Scroll            |       |     2 ||     2
  Eat: Ration            |     1 |     1 ||     2
       Chunk             |       |     6 ||     6
Armor: Leather armour    |    25 |    27 ||    52
Dodge: Dodged            |    72 |   101 ||   173
